 Dungeon Crawl Stone Soup version 0.21-a0-426-g98080a9 (webtiles) character file.

1750 JackS81 the Transmogrifier (level 9, -1/41 HPs)
             Began as a Vine Stalker Transmuter on Nov 6, 2017.
             Was a Believer of Okawaru.
             Slain by a manticore (5 damage)
             ... on level 6 of the Dungeon.
             The game lasted 00:25:42 (5358 turns).

JackS81 the Transmogrifier (VSTm)                   Turns: 5358, Time: 00:25:42

Health: -1/41      AC:  2    Str: 13    XL:     9   Next: 6%
Magic:  0/13       EV: 20    Int: 16    God:    Okawaru [**....]
Gold:   356        SH:  0    Dex: 20    Spells: 3/12 levels left

rFire    . . .     SeeInvis .     - Unarmed
rCold    . . .     Gourm    .   (shield currently unavailable)
rNeg     . . .     Faith    .   (armour currently unavailable)
rPois    x         Spirit   +   (helmet currently unavailable)
rElec    .         Reflect  .   (cloak currently unavailable)
rCorr    +         Harm     .   (gloves currently unavailable)
MR       +....                  (boots currently unavailable)
Stlth    ++........             (no amulet)
HPRegen  0.53/turn              B - ring of wizardry
MPRegen  0.13/turn              w - ring of resist corrosion

@: spider-form, barbed spikes
A: blink, regeneration 1, magic shield, no potion heal 3, rot immunity
a: End Transformation, Blink, Heroism, Renounce Religion


You were on level 6 of the Dungeon.
You worshipped Okawaru.
Okawaru was pleased with you.
You were very hungry.
You were a venomous arachnid creature.
You visited 1 branch of the dungeon, and saw 6 of its levels.

You collected 356 gold pieces.

Inventory:

Missiles
 a - 116 arrows
 h - 148 stones (quivered)
 l - 6 poisoned needles
 A - 6 steel javelins
Armour
 b - a +0 robe (melded)
Jewellery
 w - a ring of resist corrosion (right front leg)
 B - a ring of wizardry (left front leg)
Wands
 v - a wand of confusion (48/48)
 E - a wand of polymorph (15/24)
Scrolls
 e - 3 scrolls of identify
 i - 2 scrolls of amnesia
 j - 2 scrolls of noise
 m - a scroll of blinking {unknown}
 o - a scroll of recharging
 q - 2 scrolls of teleportation {unknown}
 r - 3 scrolls of remove curse
 x - a scroll of fog {unknown}
 y - a scroll of immolation {unknown}
 F - 2 scrolls of enchant weapon {unknown}
Potions
 g - a potion of might
 n - 3 potions of heal wounds
 p - 3 potions of flight {unknown}
 s - 3 potions of curing {unknown}
 t - a potion of lignification {unknown}
 u - a potion of brilliance {unknown}
 C - 2 potions of berserk rage {unknown}
 D - a potion of invisibility {unknown}
Books
 c - a book of Changes

   Spells                             Type                      Level
   a - Beastly Appendage              Transmutation                1
   b - Sticks to Snakes               Transmutation                2
   c - Spider Form                    Transmutation/Poison         3
   d - Ice Form                       Ice/Transmutation            4
   e - Blade Hands                    Transmutation                5
Comestibles
 d - 3 bread rations
 f - a meat ration
 k - 6 royal jellies
 z - 2 fruits


   Skills:
 + Level 1.1 Fighting
 * Level 0.7 Armour
 * Level 2.3 Dodging
 + Level 7.2 Unarmed Combat
 - Level 2.1 Spellcasting
 + Level 9.1 Transmutations
 - Level 0.2 Poison Magic


You had 3 spell levels left.
You knew the following spells:

 Your Spells              Type           Power        Failure   Level  Hunger
a - Beastly Appendage     Tmut           ####..       1%          1    #......
b - Spider Form           Tmut/Pois      ###.......   9%          3    ###....
c - Blade Hands           Tmut           ####......   12%         5    ######.


Dungeon Overview and Level Annotations

Branches:
Dungeon (6/15)
 Temple: D:4-7

Altars:
Cheibriados
Gozag
Hepliaklqana
Nemelex Xobeh
Okawaru
Sif Muna
Trog
Uskayaw


Innate Abilities, Weirdness & Mutations

((You have razor-sharp teeth.))
Your natural rate of healing is unusually fast.
When hurt, damage is shared between your health and your magic reserves.
((Your bite disrupts and absorbs the magic of your enemies.))
Potions cannot restore your health.
You are immune to rotting.
((You have a pair of small horns on your head.))
You can translocate small distances at will.


Message History

The bullfrog skeleton completely misses you.
The manticore completely misses you. The manticore barely misses you.
The manticore misses you.
You hit the manticore but do no damage.
The manticore is moderately wounded.
The bullfrog skeleton closely misses you.
You bite the manticore!
The manticore looks as sick as possible!
The manticore is heavily wounded.
The manticore barely misses you. The manticore claws you!
* * * LOW HITPOINT WARNING * * *
The manticore closely misses you.
The bullfrog skeleton closely misses you.
A centaur skeleton comes into view.
You hit the manticore.
The manticore looks as sick as possible!
The manticore is severely wounded.
The bullfrog skeleton completely misses you.
The manticore bites you.
You die...

#.# #.# #.# #.# #.#
#.# ##.##
##.########...#
#....hZs..<.#....#
......H####Z..##..#
....... ##.## .#
..#.... .# .#
...#... .# . #.
(#.. .# . .#... .#
.# ...


You could see a manticore, a hound, a bullfrog skeleton and a centaur skeleton.

Vanquished Creatures
  The ghost of zodiak12 the Shield-Bearer, an amateur DsFi (D:4)
  Sigmund (D:2)
  Eustachio (D:4)
  An orc warrior (D:3)
  A sky beast (D:5)
  A hornet zombie (D:5)
  2 ogres
  A scorpion (D:4)
  2 centaur zombies
  4 hounds
  5 orc priests
  2 jellies
  4 iguanas
  An orc wizard (D:3)
  A worker ant (D:4)
  A killer bee zombie (D:5)
  Robin (D:2)
  6 adders
  A shadow imp (D:5)
  An adder skeleton (D:5)
  3 worms
  2 dart slugs (D:1)
  4 leopard geckos
  18 orcs
  A ball python (D:3)
  5 giant cockroaches
  15 goblins
  9 hobgoblins
  A jackal (D:6)
  A quokka (D:2)
  11 bats
  3 frilled lizards (D:2)
  A jackal skeleton (D:4)
  7 kobolds
  A leopard gecko skeleton (D:4)
  2 quokka skeletons (D:4)
  A quokka zombie (D:4)
  5 rats
  A rat zombie (D:4)
129 creatures vanquished.

Notes
Turn   | Place    | Note
-------+----------+-------------------------------------------
     0 | D:1      | JackS81 the Vine Stalker Transmuter began the quest for the Orb.
     0 | D:1      | Reached XP level 1. HP: 9/9 MP: 4/4
   455 | D:1      | Reached XP level 2. HP: 7/14 MP: 3/6
   767 | D:1      | Reached skill level 3 in Transmutations
   910 | D:1      | Reached XP level 3. HP: 17/17 MP: 5/7
  1303 | D:2      | Learned a level 3 spell: Spider Form
  1321 | D:2      | Found an iron altar of Okawaru.
  1344 | D:2      | Became a worshipper of Warmaster Okawaru
  1767 | D:2      | Found a sparkling altar of Nemelex Xobeh.
  1788 | D:2      | Reached skill level 4 in Transmutations
  1796 | D:2      | Gained mutation: You can translocate small distances at will. [potion of mutation]
  1796 | D:2      | Gained mutation: You have a pair of large horns on your head. [potion of mutation]
  2115 | D:2      | Found a bloodstained altar of Trog.
  2175 | D:2      | Found a hazy altar of Hepliaklqana.
  2238 | D:2      | Found a hide-covered altar of Uskayaw.
  2289 | D:2      | Noticed Sigmund
  2321 | D:2      | Killed Sigmund
  2321 | D:2      | Reached skill level 5 in Transmutations
  2321 | D:2      | Gained mutation: Your natural rate of healing is unusually fast. [Vine Stalker growth]
  2321 | D:2      | Reached XP level 4. HP: 21/21 MP: 5/8
  2321 | D:2      | Reached XP level 5. HP: 25/25 MP: 5/9
  2410 | D:2      | Noticed Robin
  2448 | D:2      | Reached skill level 6 in Transmutations
  2455 | D:2      | Reached XP level 6. HP: 14/29 MP: 4/10
  2462 | D:2      | Killed Robin
  2776 | D:2      | Found a snail-covered altar of Cheibriados.
  2818 | D:3      | Learned a level 5 spell: Blade Hands
  2935 | D:3      | Found an opulent altar of Gozag.
  3455 | D:4      | Noticed Eustachio
  3493 | D:4      | Noticed an orc warrior
  3580 | D:3      | Killed an orc warrior
  3580 | D:3      | Reached * piety under Okawaru
  3580 | D:3      | Reached skill level 7 in Transmutations
  3580 | D:3      | Reached XP level 7. HP: 11/32 MP: 2/11
  3828 | D:4      | Killed Eustachio
  3910 | D:3      | Reached skill level 8 in Transmutations
  3986 | D:4      | Noticed zodiak12's ghost (amateur DsFi)
  4030 | D:4      | Reached ** piety under Okawaru
  4030 | D:4      | Gained mutation: You have razor-sharp teeth. [Vine Stalker growth]
  4030 | D:4      | Reached XP level 8. HP: 37/37 MP: 9/12
  4045 | D:4      | Killed zodiak12's ghost
  4045 | D:4      | Reached skill level 5 in Unarmed Combat
  4397 | D:4      | Found a deep blue altar of Sif Muna.
  4499 | D:5      | Entered Level 5 of the Dungeon
  4621 | D:5      | Reached skill level 1 in Fighting
  4703 | D:5      | Reached skill level 9 in Transmutations
  5272 | D:5      | Reached XP level 9. HP: 26/41 MP: 13/13
  5344 | D:6      | Noticed a manticore
  5358 | D:6      | Slain by a manticore

Vault maps used:
D:1:      evilmike_arrival_hilbert_curve
D:2:      lemuel_round_altar, nicolae_overflow_crystal_walls,
          nicolae_overflow_quartered_altars, uniq_robin, uniq_sigmund
D:3:      lemuel_doored_altar
D:4:      lemuel_blue_sif_altar, enter_ossuary_4, hangedman_decor_lopped,
          uniq_eustachio
D:5:      first_bread
D:6:      cheibrodos_fzero, lemuel_round_altar, overflow_temple_1_default,
          minmay_temple_entry_steel_oval

Skill      XL: |  1  2  3  4  5  6  7  8  9 |
---------------+----------------------------+-----
Transmutations | 3 5 6 7 8 9 |  9.1
Unarmed Combat | 4 6 7 |  7.2
Fighting       | 1 |  1.1
Dodging        | 2 |  2.3
Armour         | |  0.7
Spellcasting   | |  2.1
Poison Magic   | |  0.2

Action                   |  1- 3 |  4- 6 |  7- 9 || total
-------------------------+-------+-------+-------++-------
Melee: Unarmed           |   128 |   121 |   157 ||   406
       Bite              |    17 |    13 |     9 ||    39
       Headbutt          |     7 |     6 |    12 ||    25
       Kick              |     9 |    10 |     6 ||    25
       Punch             |     2 |       |       ||     2
 Cast: Beastly Appendage |    24 |     7 |     2 ||    33
       Spider Form       |     1 |    10 |    18 ||    29
       Blade Hands       |       |       |     7 ||     7
 Abil: End Transformatio |       |       |     2 ||     2
  Use: Potion            |     3 |       |       ||     3
       Scroll            |       |       |     5 ||     5
 Stab: Sleeping          |     1 |       |     1 ||     2
  Eat: Chunk             |     4 |     1 |    11 ||    16
       Bread ration      |       |     1 |       ||     1
Armor: Robe              |    36 |    15 |     4 ||    55
       Skin              |     1 |     4 |     4 ||     9
Dodge: Dodged            |    95 |    80 |   116 ||   291

Table legend:
 A = Spawn XP
 B = Non-spawn XP
 C = Spawn XP percentage of total XP
 D = Spawn monster count
 E = Non-spawn monster count
 F = Spawn count percentage of total count
 G = Total turns spent on level
                    A         B        C        D         E        F      G
               +---------+---------+-------+---------+---------+-------+---------
         Total |       0 |    2501 |   0.0 |       0 |     129 |   0.0 |  5358
               +---------+---------+-------+---------+---------+-------+---------
           D:1 |       0 |      45 |   0.0 |       0 |      25 |   0.0 |  1298
           D:2 |       0 |     303 |   0.0 |       0 |      30 |   0.0 |  1513
           D:3 |       0 |     290 |   0.0 |       0 |      23 |   0.0 |   974
           D:4 |       0 |    1055 |   0.0 |       0 |      28 |   0.0 |   714
           D:5 |       0 |     682 |   0.0 |       0 |      19 |   0.0 |   825
           D:6 |       0 |     126 |   0.0 |       0 |       4 |   0.0 |    34
               +---------+---------+-------+---------+---------+-------+---------
